Map: Dreamcatcher LE

Players

liquidthermy (uThermal) - Winner!

  • Race: Terran Terran
  • Spawn Location: 5:00

MarineLorD

  • Race: Terran Terran
  • League: Master
  • Spawn Location: 11:00

Event: HomeStory Cup XVIII

VOD

Have the link to the VOD?

Description

Time

  • Played on: Nov. 22, 2018, 7:15 a.m.
  • Length: 10:32

All games in this series

Show
View Real Time Build Order
Export as new Build Order

liquidthermy Terran - Winner!

Build Orders: Cyclone Opening, Mech 

Get SALT Encoding   

  12  0:02  SCV  
  13  0:14  SCV  
  14  0:17  Supply Depot  
  14  0:26  SCV  
  15  0:29  Refinery  
  15  0:38  SCV  
  16  0:44  Barracks  
  16  0:51  SCV  
  16  0:56  Refinery  
  17  1:03  SCV  
  18  1:15  SCV  
  19  1:31  Reaper, Orbital Command  
  20  1:36  Factory  
  20  1:45  Supply Depot  
  20  1:57  SCV  
  21  2:03  Reaper  
  22  2:09  SCV  
  23  2:19  Factory Tech Lab  
  23  2:21  SCV  
  24  2:25  Command Center  
  24  2:33  SCV  
  25  2:37  Cyclone  
  25  2:41  Supply Depot  
  28  2:45  SCV  
  29  2:53  Starport  
  29  2:57  SCV  
  30  3:09  SCV  
  30  3:16  Cyclone  
  33  3:20  Barracks Reactor  
  33  3:21  SCV  
  34  3:33  SCV  
  35  3:37  Orbital Command  
  35  3:45  SCV  
  35  3:48  Command Center  
  36  3:55  Refinery x2  
  36  3:58  SCV  
  36  4:01  Siege Tank  
  40  4:05  SCV  
  41  4:10  SCV  
  41  4:12  Viking  
  44  4:18  Viking  
  44  4:19  SCV  
  44  4:22  SCV  
  47  4:31  SCV  
  47  4:33  Siege Tank  
  47  4:34  SCV  
  52  4:40  Factory  
  52  4:41  Barracks Reactor  
  52  4:43  SCV  
  53  4:48  SCV  
  54  4:59  Viking x2, SCV  
  59  5:03  SCV  
  60  5:08  Orbital Command  
  60  5:09  Siege Tank  
  60  5:11  SCV  
  64  5:15  SCV  
  65  5:23  SCV  
  65  5:27  SCV  
  67  5:29  Barracks Tech Lab  
  67  5:30  Supply Depot, Factory  
  67  5:33  Supply Depot, Hellion  
  69  5:38  SCV  
  69  5:39  SCV  
  69  5:40  Hellion  
  69  5:41  Orbital Command  
  69  5:42  Hellion  
  75  5:46  Viking  
  77  5:52  Supply Depot, SCV  
  77  5:53  Viking  
  77  5:56  SCV  
  81  6:01  Supply Depot  
  81  6:03  Hellion  
  83  6:04  SCV  
  83  6:06  Liberator  
  83  6:07  Liberator, SCV  
  83  6:08  SCV  
  86  6:11  Refinery  
  86  6:13  Hellion  
  88  6:19  Siege Tank  
  88  6:21  SCV  
  98  6:29  Engineering Bay, SCV  
  98  6:31  Hellion  
  101  6:33  SCV  
  102  6:40  SCV  
  102  6:43  Hellion, Siege Tank  
  102  6:45  Refinery  
  108  6:48  SCV  
  107  7:00  SCV  
  108  7:04  Supply Depot  
  108  7:05  Factory x2  
  108  7:07  Supply Depot x2  
  108  7:16  Sensor Tower, SCV  
  109  7:26  Viking, Hellion, Siege Tank, SCV  
  109  7:28  SCV  
  118  7:30  Missile Turret  
  118  7:31  Missile Turret  
  118  7:32  Missile Turret, Siege Tank  
  118  7:36  Hellion  
  123  7:40  SCV  
  123  7:41  Armory  
  123  7:43  SCV  
  125  7:51  Supply Depot, Factory Tech Lab, Factory Reactor  
  125  7:52  Infernal Pre-Igniter  
  125  7:53  Mag-Field Accelerator  
  125  7:54  SCV  
  125  7:56  SCV  
  127  8:00  Siege Tank  
  127  8:01  SCV  
  129  8:08  Missile Turret  
  129  8:09  Supply Depot  
  129  8:10  Viking  
  129  8:12  Supply Depot  
  131  8:13  Hellion  
  131  8:15  Hellion  
  135  8:23  Supply Depot  
  135  8:24  Siege Tank x2  
  141  8:30  Terran Vehicle Weapons Level 1, Viking  
  141  8:33  Supply Depot  
  143  8:35  Siege Tank  
  143  8:39  Supply Depot  
  143  8:40  Viking  
  148  8:43  Hellion  
  148  8:47  Supply Depot, Hellion  
  152  8:54  Supply Depot, Hellion x2  
  156  9:02  Viking  
  156  9:03  Siege Tank  
  161  9:10  Viking  
  161  9:16  Hellion  
  165  9:17  Siege Tank  
  165  9:18  Command Center  
  165  9:19  Hellion  
  165  9:23  Supply Depot, Hellion  
  172  9:25  Hellion  
  174  9:33  Viking  
  176  9:40  Viking  
  176  9:42  SCV  
  179  9:51  Hellion, Siege Tank  
  184  9:56  Missile Turret x2  
  184  9:57  Missile Turret  
  184  9:58  Missile Turret, Hellion x2  
  188  10:02  Refinery  
Show
View Real Time Build Order
Export as new Build Order

MarineLorD Terran 

Build Orders: Gas First Reaper Expand, Reaper Expand 

Get SALT Encoding   

  12  0:00  SCV  
  13  0:12  SCV  
  14  0:16  Supply Depot  
  14  0:24  SCV  
  14  0:28  Refinery  
  15  0:38  SCV  
  16  0:44  Barracks  
  16  0:50  SCV  
  17  1:02  SCV  
  18  1:14  SCV  
  19  1:31  Reaper, Orbital Command  
  20  1:46  Command Center  
  20  1:56  SCV  
  20  1:59  Factory  
  21  2:06  Barracks Reactor  
  21  2:09  Supply Depot  
  21  2:11  SCV  
  22  2:18  Refinery  
  22  2:24  SCV  
  23  2:36  SCV  
  24  2:42  Marine x2  
  24  2:43  Starport, Hellion  
  28  2:48  SCV  
  29  2:59  Orbital Command  
  29  3:00  SCV  
  29  3:01  Marine  
  29  3:02  Marine  
  32  3:12  SCV  
  34  3:18  Factory Tech Lab  
  32  3:20  Marine x2  
  32  3:21  Starport Tech Lab  
  32  3:25  SCV  
  32  3:26  Engineering Bay, SCV  
  36  3:34  Refinery  
  36  3:39  Raven  
  38  3:41  Marine x2  
  38  3:43  SCV  
  38  3:44  SCV  
  42  3:49  Supply Depot  
  42  3:53  Cyclone  
  45  3:55  SCV  
  46  4:03  Missile Turret  
  46  4:11  SCV x2  
  46  4:13  Supply Depot  
  46  4:14  Marine  
  46  4:15  Marine  
  50  4:22  Raven  
  50  4:23  SCV x2  
  54  4:34  Siege Tank  
  54  4:35  SCV x2  
  59  4:38  Refinery  
  59  4:44  Supply Depot  
  59  4:45  Supply Depot  
  59  4:47  SCV x2  
  59  4:49  Marine  
  62  4:55  Marine  
  62  4:59  SCV  
  62  5:01  Supply Depot  
  62  5:06  SCV  
  60  5:08  Siege Tank  
  60  5:12  SCV  
  64  5:18  SCV  
  64  5:21  Viking x2  
  69  5:22  Marine  
  69  5:23  Supply Depot, Stimpack  
  69  5:24  SCV  
  71  5:30  SCV  
  71  5:35  Command Center  
  72  5:40  Siege Tank  
  75  5:43  Marine  
  75  5:44  SCV x2  
  75  5:48  Supply Depot  
  78  5:53  Viking  
  78  5:54  Viking  
  78  5:56  SCV  
  83  5:58  SCV  
  83  6:03  Marine  
  85  6:12  Siege Tank  
  85  6:15  Barracks  
  85  6:16  Barracks  
  85  6:18  SCV x2  
  89  6:25  Viking  
  89  6:26  Viking  
  89  6:30  SCV  
  94  6:37  SCV  
  94  6:42  SCV  
  93  6:49  SCV  
  93  6:57  Orbital Command  
  93  6:58  SCV  
  99  7:01  Marauder  
  99  7:03  Barracks Reactor, Barracks Tech Lab  
  99  7:07  Medivac x2  
  99  7:08  Barracks  
  99  7:09  Siege Tank, Barracks  
  99  7:13  SCV  
  103  7:18  SCV  
  103  7:21  Marauder  
  103  7:22  Terran Infantry Weapons Level 1  
  108  7:23  Marauder  
  105  7:30  Combat Shield  
  105  7:31  Orbital Command  
  105  7:34  SCV  
  105  7:36  Supply Depot  
  106  7:37  Supply Depot, SCV  
  106  7:40  Medivac x2  
  106  7:43  Marauder  
  115  7:44  Marauder  
  115  7:46  SCV  
  116  7:51  Supply Depot  
  116  7:52  Marine  
  116  7:57  Engineering Bay  
  116  7:58  Marine, Siege Tank  
  120  8:00  Barracks Reactor, Barracks Tech Lab  
  120  8:01  SCV  
  120  8:05  SCV  
  122  8:06  SCV  
  122  8:08  Marauder x2  
  122  8:12  Supply Depot  
  127  8:13  Supply Depot  
  127  8:19  Refinery  
  127  8:20  Refinery, SCV  
  127  8:21  Marauder  
  127  8:22  Concussive Shells  
  127  8:25  Liberator  
  130  8:28  Supply Depot  
  130  8:29  Supply Depot, Marauder, Liberator  
  130  8:32  Marauder  
  130  8:33  Siege Tank  
  137  8:35  Marine x2  
  137  8:39  SCV x2  
  147  8:50  Marauder, Marine, Command Center  
  147  8:53  Marauder  
  147  8:54  Marine x3  
  155  8:58  Marauder  
  156  9:08  Marine, SCV x2  
  159  9:12  Marine x2, Marauder  
  159  9:15  Marauder, Siege Tank  
  167  9:19  Armory, SCV  
  167  9:20  SCV  
  167  9:21  Marauder, Marine  
  172  9:33  Marine  
  172  9:38  Refinery  
  173  9:43  Marine  
  173  9:47  Marine x2  
  173  9:48  Marauder  
  172  9:54  Barracks  
  172  9:55  Barracks  
  172  9:58  Barracks  
  172  10:00  Supply Depot x2  
  172  10:01  Marauder x2, Viking x2  
  172  10:02  Supply Depot  
  180  10:10  Marauder  
  167  10:14  Marine  
  167  10:17  Missile Turret  
Tags
 
Add a new tag
Caveats
  • Supply blocks, unpowered buildings, or Contaminate may cause inaccurate times.
  • Supply counts are checked every 10 seconds.